 Dungeon Crawl Stone Soup version 0.30-a0-702-gdf48620a09 (webtiles) character file.

Game seed: 14693695363290921704

2068 Anon1729 the Ducker (level 9, -11/69 HPs)
             Began as a Merfolk Monk on Jan 21, 2023.
             Was a Follower of Uskayaw.
             Mangled by a large slime creature (32 damage)
             ... on level 7 of the Dungeon.
             The game lasted 00:09:37 (9076 turns).

Anon1729 the Ducker (Merfolk Monk)                  Turns: 9076, Time: 00:09:37

Health: -11/69     AC:  4    Str: 11    XL:     9   Next: 26%
Magic:  13/13      EV: 17    Int: 10    God:    Uskayaw [*.....]
Gold:   567        SH:  0    Dex: 20    Spells: 8/8 levels left

rFire   + . .      SeeInvis .    t - +1 long sword
rCold   . . .      Faith    .    (no shield)
rNeg    . . .      Spirit   .    b - +0 robe
rPois   +          Reflect  .    (no helmet)
rElec   .          Harm     .    (no cloak)
rCorr   .          Rampage  .    v - +0 pair of gloves
Will    .....                    u - +0 pair of boots
Stlth   +++                      F - amulet of regeneration
HPRegen 1.11/turn                s - ring of poison resistance
MPRegen 0.13/turn                G - ring of protection from fire

@: no status effects
A: (nimble swimmer 2), mertail
a: Renounce Religion, Stomp


You were on level 7 of the Dungeon.
You worshipped Uskayaw.
Uskayaw was noncommittal.
You visited 2 branches of the dungeon, and saw 10 of its levels.

You collected 567 gold pieces.

Inventory:

Hand Weapons
 a - a +0 falchion
 t - a +1 long sword (weapon)
Missiles
 D - a throwing net (quivered)
Armour
 b - a +0 robe (worn)
 u - a +0 pair of boots (worn)
 v - a +0 pair of gloves (worn)
Jewellery
 m - an amulet of guardian spirit
 s - a ring of poison resistance (left hand)
 F - an amulet of regeneration (around neck)
 G - a ring of protection from fire (right hand)
Wands
 x - a wand of iceblast (5)
 y - a wand of digging (4)
Scrolls
 d - 3 scrolls of immolation
 e - a scroll of enchant armour {unknown}
 f - a scroll of amnesia
 g - a scroll of fear
 h - a scroll of poison
 k - 3 scrolls of magic mapping
 o - 4 scrolls of teleportation
 p - a scroll of fog {unknown}
 A - 2 scrolls of enchant weapon
 C - a scroll of acquirement {unknown}
 E - a scroll of blinking
Potions
 c - 3 potions of ambrosia
 i - 4 potions of mutation
 l - 4 potions of lignification {unknown}
 n - 3 potions of brilliance
 q - a potion of haste {unknown}
 r - a potion of resistance {unknown}
 w - 2 potions of heal wounds {unknown}
 z - a potion of berserk rage
 B - a potion of might


   Skills:
 + Level 6.2 Fighting
 * Level 7.1 Long Blades
 + Level 7.4 Dodging
 + Level 6.0 Stealth
 * Level 6.6 Invocations
 + Level 2.5 Evocations


You had 8 spell levels left.
You didn't know any spells.
Your spell library contained the following spells:

 Spells                   Type           Power      Damage    Failure   Level
 Slow                     Hex            0%         N/A       36%         1
 Sting                    Tmut/Pois      0%         1d3       36%         1
 Ensorcelled Hibernation  Hex/Ice        0%         N/A       50%         2
 Poisonous Vapours        Pois/Air       0%         N/A       50%         2
 Confusing Touch          Hex            0%         N/A       75%         3
 Spider Form              Tmut/Pois      0%         N/A       75%         3
 Vampiric Draining        Necr           0%         2d6       75%         3
 Anguish                  Hex/Necr       0%         N/A       98%         4
 Olgreb's Toxic Radiance  Pois           0%         N/A       98%         4


Dungeon Overview and Level Annotations

Branches:
Dungeon (9/15)             Temple (1/1) D:4
   Lair: D:8-11         Orc: D:9-12

Altars:
Cheibriados
Dithmenos
Elyvilon
Fedhas
Gozag
Kikubaaqudgha
Makhleb
Nemelex Xobeh
Okawaru
Qazlal
Ru
Sif Muna
Trog
Uskayaw
Vehumet
Wu Jian
Xom
Yredelemnul
Zin
The Shining One

Annotations:
D:3 2 transporters, caveywoolpert's ghost, amateur DsEE
D:6 Maggie; Pikel


Innate Abilities, Weirdness & Mutations

((You are very nimble when in or above water. (Stealth+, EV+, Speed+++)))
Your lower body shifts to a powerful aquatic tail in water.


Message History

The slime creature hits you but does no damage.
You slash the slime creature!
The slime creature is moderately wounded.
The slime creature hits you but does no damage.
The slime creature hits you.
You slash the slime creature!
The slime creature is heavily wounded.
The slime creature hits you. The slime creature closely misses you.
You slash the slime creature!
The slime creature is heavily wounded.
The slime creature closely misses you. The slime creature barely misses you.
The slime creature hits you!
Two slime creatures merge to form a large slime creature.
You can now pass through a line of other dancers.
You hit the large slime creature but do no damage.
The large slime creature is moderately wounded.
The slime creature hits you! x2
You are too injured to fight recklessly!
You are too injured to fight recklessly!
You are too injured to fight recklessly!
You are too injured to fight recklessly!
You are too injured to fight recklessly!
You are too injured to fight recklessly!
You are too injured to fight recklessly!
You are too injured to fight recklessly!
You are too injured to fight recklessly!
The slime creature attacks as you move away!
The slime creature misses you.
Two slime creatures merge to form a large slime creature.
There is a stone staircase leading up here.
The large slime creature hits you!!
* * * LOW HITPOINT WARNING * * *
You can no longer pass through a line of other dancers.
You climb upwards.
There is a stone staircase leading down here.
The large slime creature attacks as you move away!
The large slime creature closely misses you.
The large slime creature attacks as you move away!
The large slime creature hits you!!
You die...

.....#.####....#.#.....#
...#.#.#####.......#.###
.).#...............#.#
#######.###.####.....#
####..............#
#.............>...#
#.###########.#...#
#.......# #J#...#
###.....# #@##.##
#..<..# #....# #.....#
###### #.....## #......#
#......# #......#
######......#
#...........#


You could see a large slime creature.

Vanquished Creatures
  Grinder (D:3)
  A yak (D:6)
  A steam dragon (D:9)
  Edmund (D:6)
  2 ice beasts
  2 ogres (D:5)
  A centaur (D:8)
  A lemure (D:5)
  3 bullfrogs (D:7)
  A howler monkey (D:5)
  A crimson imp (D:6)
  5 hounds
  3 gnoll boudas
  3 iguanas (D:5)
  An orc wizard (D:6)
  Robin (D:3)
  24 gnolls
  9 adders
  4 shadow imps
  A worm (D:2)
  2 dart slugs
  11 orcs
  5 bats
  5 endoplasms
  2 giant cockroaches
  7 hobgoblins
  2 jackals (D:3)
  6 kobolds
  2 quokkas
  4 ball pythons
  4 frilled lizards
  22 goblins
  2 rats (D:1)
140 creatures vanquished.

Vanquished Creatures (others)
  11 fungi
11 creatures vanquished.

Grand Total: 151 creatures vanquished

Notes
Turn   | Place    | Note
-------+----------+-------------------------------------------
     0 | D:1      | Anon1729 the Merfolk Monk began the quest for the Orb.
     0 | D:1      | Reached XP level 1. HP: 18/18 MP: 1/1
   108 | D:1      | Reached XP level 2. HP: 17/24 MP: 2/2
  1088 | D:2      | Reached XP level 3. HP: 20/29 MP: 1/3
  1721 | D:3      | Found a transporter.
  1721 | D:3      | Noticed caveywoolpert's ghost (amateur DsEE)
  1758 | D:3      | Found a transporter.
  1828 | D:3      | Reached XP level 4. HP: 36/37 MP: 4/4
  1899 | D:3      | Noticed Grinder
  1920 | D:4      | Found a staircase to the Ecumenical Temple.
  1941 | Temple   | Entered the Ecumenical Temple
  2060 | Temple   | Became a worshipper of Uskayaw the Reveller
  2060 | Temple   | Reached * piety under Uskayaw
  2081 | D:4      | Reached ** piety under Uskayaw
  2313 | D:4      | Found an iron altar of Okawaru.
  2331 | D:4      | Reached skill level 1 in Invocations
  2420 | D:4      | Reached XP level 5. HP: 19/42 MP: 5/5
  2784 | D:3      | Found a sacrificial altar of Ru.
  2800 | D:3      | Paralysed by Grinder for 3 turns
  2809 | D:3      | Killed Grinder
  2810 | D:3      | Reached skill level 5 in Dodging
  2810 | D:3      | Reached XP level 6. HP: 40/49 MP: 0/8
  3047 | D:3      | Noticed Robin
  3101 | D:3      | Killed Robin
  3102 | D:3      | Reached skill level 5 in Long Blades
  3680 | D:4      | Found a white marble altar of Elyvilon.
  3950 | D:4      | Reached XP level 7. HP: 45/55 MP: 9/9
  4277 | D:5      | Entered Level 5 of the Dungeon
  4309 | D:5      | Reached *** piety under Uskayaw
  4722 | D:5      | Reached skill level 5 in Fighting
  5347 | D:6      | Noticed Edmund
  5365 | D:5      | Reached XP level 8. HP: 35/62 MP: 3/11
  5463 | D:6      | Found a bloodstained altar of Trog.
  5477 | D:6      | Found a snail-covered altar of Cheibriados.
  5534 | D:5      | Reached skill level 5 in Stealth
  5870 | D:5      | Reached skill level 5 in Invocations
  6079 | D:6      | Noticed Maggie
  6260 | D:6      | Found a burning altar of Makhleb.
  6261 | D:6      | Found a radiant altar of Vehumet.
  6347 | D:6      | Reached skill level 1 in Evocations
  6347 | D:6      | Found a basalt altar of Yredelemnul.
  6460 | D:6      | Killed Edmund
  6612 | D:6      | Noticed Pikel
  6830 | D:6      | Noticed a yak
  6847 | D:6      | Killed a yak
  6883 | D:6      | Found an ornate altar of the Wu Jian Council.
  7045 | D:6      | Noticed a shadow
  7471 | D:7      | Reached XP level 9. HP: 65/69 MP: 13/13
  7514 | D:7      | Found a stormy altar of Qazlal.
  7560 | D:7      | Reached **** piety under Uskayaw
  9076 | D:7      | Mangled by a large slime creature

Illustrated notes

Levels and vault maps discovered:
D:1:      roderic_crossed_star, layout_basic
D:2:      layout_basic
D:3:      layout_loops_ring, nicolae_ru_awakened_eye, gammafunk_ghost_arena,
          minmay_stone_trees_large, guppyfry_early_orc_mine, uniq_grinder,
          uniq_robin
D:4:      layout_loops_ring, kennysheep_okawaru_gauntlet, elyvilon_altar_5,
          minmay_temple_entry_offerings, dreamdust_gnoll_farm
D:5:      layout_loops_ring, chequers_arboretum
D:6:      lemuel_slime, layout_layer_cave,
          grunt_temple_overflow_lords_of_destruction,
          mainiacjoe_overflow_24_doors, bloody_trog, lemuel_crystal_altar,
          mainiacjoe_overflow_six_doors_small, mainiacjoe_overflow_catwalk,
          minmay_manual_macuahuitl, uniq_pikel, uniq_edmund, uniq_maggie
D:7:      layout_basic, mainiacjoe_overflow_boulevard, grunt_decor_resistance
D:8:      layout_layer_cave
D:9:      layout_cave_pools, kennysheep_little_box, serial_shops,
          nicolae_lakefront_shop
Temple:   nicolae_temple_two_arcs

Skill      XL: |  1  2  3  4  5  6  7  8  9 |
---------------+----------------------------+-----
Long Blades    | 4 5 6 7 |  7.1
Stealth        | 3 4 5 6 |  6.0
Fighting       | 4 5 6 |  6.2
Invocations    | 1 2 3 4 6 |  6.6
Dodging        | 5 6 7 |  7.4
Evocations     | 2 |  2.5

Action                   |  1- 3 |  4- 6 |  7- 9 || total
-------------------------+-------+-------+-------++-------
Melee: Falchion          |    99 |       |       ||    99
       Long sword        |       |   177 |   351 ||   528
       Punch             |       |     3 |     5 ||     8
Invok: Stomp             |       |     1 |     1 ||     2
Evoke: Wand              |       |       |    11 ||    11
  Use: Potion            |       |     6 |       ||     6
       Scroll            |       |     1 |     8 ||     9
 Stab: Sleeping          |     7 |     2 |    10 ||    19
       Distracted        |       |     1 |     1 ||     2
       Paralysed         |       |       |     9 ||     9
Armor: Robe              |     9 |    26 |    57 ||    92
Dodge: Dodged            |    58 |   176 |   324 ||   558

Table legend: (Time is in decaauts)
 A = Elapsed time spent in this place.
 B = Non-inter-level travel time spent in this place.
 C = Inter-level travel time spent in this place.
 D = Time resting spent in this place.
 E = Time spent auto-exploring this place.
 F = Levels seen in this place.
 G = Mean time per level.
                   A        B        C        D        E       F      G
               +--------+--------+--------+--------+--------+-----+--------+
         Total |   9148 |   8953 |    195 |   1068 |   6246 |  10 |  914.8 |
       Dungeon |   9038 |   8866 |    172 |   1068 |   6177 |   9 | 1004.2 |
        Temple |    110 |     87 |     23 |      0 |     69 |   1 |  110.0 |
               +--------+--------+--------+--------+--------+-----+--------+

Top non-repeatable levels by time:
     D:5: 1800 daAuts
     D:3: 1442 daAuts
     D:8: 1207 daAuts
     D:4: 1036 daAuts
     D:6: 1020 daAuts
     D:1: 905 daAuts
     D:2: 814 daAuts
     D:7: 796 daAuts
  Temple: 110 daAuts
     D:9: 13 daAuts
